 Dungeon Crawl Stone Soup version 0.19-a0-1886-gd64a0f0 (webtiles) character file.

341 Psiweapon the Slasher (level 6, -3/44 HPs)
             Began as a Vampire Gladiator on Oct 16, 2016.
             Killed by nerve-wracking pain
             ... invoked by an orc priest
              (6 damage)
             ... on level 3 of the Dungeon.
             The game lasted 00:08:28 (3305 turns).

Psiweapon the Slasher (Vampire Gladiator)           Turns: 3305, Time: 00:08:29

Health: -3/44      AC:  9    Str: 14    XL:     6   Next: 30%
Magic:  6/6        EV: 13    Int: 11    God:
Gold:   174        SH:  0    Dex: 16    Spells: 0 memorised, 5 levels left

rFire  . . .     SeeInvis +     a - +0 long sword
rCold  . . .     Gourm    .     r - +0 leather armour
rNeg   . . .     Faith    .     (no shield)
rPois  .         Spirit   .     B - +0 helmet
rElec  .         Dismiss  .     w - +0 cloak
rCorr  .         Reflect  .     s - +2 pair of gloves
MR     .....     Harm     .     m - +0 pair of boots
Stlth  +.........               (no amulet)
                                (no ring)
                                i - -2 ring of evasion (curse)

@: regenerating quickly
A: fangs 3, see invisible, unbreathing
a: no special abilities


You were on level 3 of the Dungeon.
You were full.

You visited 1 branch of the dungeon, and saw 6 of its levels.

You collected 174 gold pieces.

Inventory:

Hand Weapons
 a - a +0 long sword (weapon)
 b - a +0 hunting sling
 c - a +0 short sword
Missiles
 d - 3 throwing nets (quivered)
 l - 22 sling bullets
Armour
 m - a +0 pair of boots (worn)
 r - a +0 leather armour (worn)
 s - a +2 pair of gloves (worn)
 w - a +0 cloak (worn)
 B - a +0 helmet (worn)
Jewellery
 g - an uncursed ring of ice
 i - a cursed -2 ring of evasion (left hand)
Scrolls
 o - 2 scrolls of identify
 q - a scroll of blinking {unknown}
 t - 4 scrolls of amnesia
 u - a scroll of remove curse {unknown}
 v - 2 scrolls of teleportation {unknown}
 x - a scroll of recharging {unknown}
 y - a scroll of noise {unknown}
Potions
 e - 15 potions of blood
 f - 6 potions of curing {unknown}
 h - 2 potions of cancellation {unknown}
 j - a potion of agility {unknown}
 k - a potion of heal wounds {unknown}
 n - a potion of brilliance
 p - a potion of might {unknown}
 z - a potion of haste {unknown}
 C - a potion of cure mutation {unknown}
 D - a potion of degeneration {unknown}
 E - a potion of mutation {unknown}
Books
 A - a book of Changes

   Spells                             Type                      Level
   a - Beastly Appendage              Transmutation                1
   b - Sticks to Snakes               Transmutation                2
   c - Spider Form                    Transmutation/Poison         3
   d - Ice Form                       Ice/Transmutation            4
   e - Blade Hands                    Transmutation                5


   Skills:
 - Level 1.7 Fighting
 * Level 6.0 Long Blades
 - Level 1.5 Throwing
 + Level 5.3 Dodging


You had 5 spell levels left.
You didn't know any spells.

Dungeon Overview and Level Annotations

Branches:
Dungeon (6/15)
 Temple: D:4-7

Altars:
Kikubaaqudgha
The Shining One


Innate Abilities, Weirdness & Mutations

Your natural rate of healing is unusually fast.
You have razor-sharp teeth.
You have supernaturally acute eyesight. (SInv)
You can survive without breathing.


Message History

The orc priest hits you but does no damage.
You hit the orc priest.
The orc priest is heavily wounded.
The orc priest invokes the aid of Beogh against you.
Pain shoots through your body!
You barely miss the orc priest.
The orc priest is heavily wounded.
The orc priest closely misses you.
You riposte.
You barely miss the orc priest.
You bite the orc priest, but do no damage.
The orc priest is heavily wounded.
You slash the orc priest!
The orc priest is almost dead.
The orc priest invokes the aid of Beogh against you.
Pain shoots through your body!
* * * LOW HITPOINT WARNING * * *
You hit the orc priest but do no damage.
The orc priest is almost dead.
The orc priest invokes the aid of Beogh against you.
Pain shoots through your body!
You die...

#.......# ##...o.#... ###
#.......# ##.......... ..#
#.......# #........... ..#
#.......#### #...........
..####..........#####..o........
.............<.........o........
#####...........oo.....o........
#####........###o####...........
>.....######## #@## ##..........
........########..# ##.....#...
#####...........#.########### #
#####.......###......####
..............###.##....#########
############..###..####.........#
#....##..######.......
#....###..# #......[. #......##.#
#........


You could see an orc priest and 2 orcs.

Vanquished Creatures
  An ogre (D:4)
  A howler monkey (D:5)
  An orc priest (D:3)
  2 worker ants (D:4)
  5 adders
  4 oozes
  A worm (D:3)
  2 dart slugs
  2 leopard geckos
  6 orcs (D:3)
  A ball python (D:1)
  11 bats
  4 giant cockroaches
  9 goblins
  2 hobgoblins
  3 quokkas
  4 frilled lizards
  6 kobolds
  9 rats
74 creatures vanquished.

Notes
Turn   | Place    | Note
-------+----------+-------------------------------------------
     0 | D:1      | Psiweapon the Vampire Gladiator began the quest for the Orb.
     0 | D:1      | Reached XP level 1. HP: 16/16 MP: 1/1
   137 | D:2      | Reached XP level 2. HP: 22/22 MP: 2/2
   468 | D:2      | Reached XP level 3. HP: 11/27 MP: 3/3
   744 | D:2      | Reached skill level 4 in Long Blades
  1124 | D:1      | Found a glowing golden altar of the Shining One.
  1609 | D:1      | Reached XP level 4. HP: 33/33 MP: 4/4
  2648 | D:4      | Noticed an ogre
  2658 | D:4      | Killed an ogre
  2658 | D:4      | Reached skill level 5 in Long Blades
  2658 | D:4      | Reached XP level 5. HP: 38/38 MP: 5/5
  2663 | D:4      | Found an ancient bone altar of Kikubaaqudgha.
  2690 | D:5      | Entered Level 5 of the Dungeon
  2965 | D:4      | Reached skill level 5 in Dodging
  3133 | D:5      | Reached XP level 6. HP: 44/44 MP: 6/6
  3300 | D:3      | Reached skill level 6 in Long Blades
  3305 | D:3      | Killed from afar by an orc priest

Vault maps used:
D:1:      dpeg_arrival_solitude, tso_metal_star
D:4:      kiku_gazebo_garden_becter
D:5:      first_bread, basic_altar, okawaru_gym_becter, uniq_grinder,
          uniq_edmund
D:6:      gammafunk_temple_overflow_statue, basic_altar, serial_shops,
          shop_fountains

Skill      XL: |  1  2  3  4  5  6 |
---------------+-------------------+-----
Long Blades    | 4 5 6 |  6.0
Dodging        | 4 5 |  5.3
Fighting       | |  1.7
Throwing       | |  1.5

Action                   |  1- 3 |  4- 6 || total
-------------------------+-------+-------++-------
Melee: Long sword        |    87 |   133 ||   220
       Bite              |    11 |    22 ||    33
       Short sword       |       |     2 ||     2
 Fire: Hunting sling     |       |     3 ||     3
  Use: Scroll            |     2 |     1 ||     3
       Potion            |       |     7 ||     7
 Stab: Sleeping          |       |    10 ||    10
       Distracted        |       |     1 ||     1
Armor: Leather armour    |    38 |    52 ||    90
Dodge: Dodged            |    44 |    79 ||   123
       Rpst.: Long sword |    20 |    19 ||    39
